[Event "Titled Tuesday Blitz March 29 Early 2022"]
[White "Araujo Filho, Luiz Antonio Coel"]
[Black "Tomb, Maroun"]
[WhiteFideId "2130661"]
[BlackFideId "5300398"]
[WhiteElo "2288"]
[BlackElo "2516"]
[Result "0-1"]
[Round "02"]
[TimeControl "180+1"]
[Date "2022.03.30"]
[WhiteClock "0:00:05"]
[BlackClock "0:00:20"]

1. d4 Nf6 2. Nf3 c5 3. e3 d5 4. c3 Nc6 5. Nbd2 Bf5 6. Qa4 a6 7. dxc5 e6 8. b4 g5 9. Nd4 Rc8 10. Nxf5 exf5 11. Bd3 Ne4 12. Nxe4 fxe4 13. Be2 Bg7 14. Bb2 Qd7 15. O-O Rd8 16. Qb3 Ne5 17. Rad1 Qe6 18. Rd2 g4 19. Rfd1 Nf3+ 20. Bxf3 gxf3 21. Rxd5 Rc8 22. Rg5 Qf6 23. Qd5 O-O 24. Qf5 Kh8 25. Qxf6 Bxf6 26. Rf5 Kg7 27. Rfd5 Rfe8 28. Kf1 Re6 29. gxf3 exf3 30. Ke1 Kg6 31. Kd2 Be5 32. h3 f5 33. Kc2 Kf6 34. c4 Bxb2 35. Kxb2 b6 36. cxb6 Rxc4 37. Kb3 Rcc6 38. Rc5 Rxb6 39. Rdd5 Re4 40. Rxf5+ Ke6 41. Rxf3 Rexb4+ 42. Kc3 Rb1 43. Rf4 Rc1+ 44. Kd4 Rd6+ 0-1


[Site "https://www.chess.com"]

[Event "Titled Tuesday Blitz March 29 Early 2022"]
[White "Avila Pavas, Santiago"]
[Black "Prohorov, Olexandr"]
[WhiteFideId "4437128"]
[BlackFideId "14105578"]
[WhiteElo "2242"]
[BlackElo "1993"]
[Result "1-0"]
[Round "02"]
[TimeControl "180+1"]
[Date "2022.03.30"]
[WhiteClock "0:01:25"]
[BlackClock "0:01:09"]

1. d4 g6 2. Nf3 Bg7 3. Bg5 c5 4. e3 Qb6 5. Nc3 cxd4 6. exd4 d6 7. Bc4 Nf6 8. Bxf6 Bxf6 9. Nd5 Qa5+ 10. Qd2 Qxd2+ 11. Kxd2 Kd8 12. Nxf6 exf6 13. Bxf7 Bg4 14. Bd5 Nc6 15. c3 Kd7 16. h3 Be6 17. Bxe6+ Kxe6 18. Rae1+ Kd7 19. d5 Ne5 20. Nd4 Rac8 21. b3 a6 22. f4 Nf7 23. Re6 f5 24. Rhe1 Rhe8 25. c4 Nh6 26. Nf3 Nf7 27. Kc3 b6 28. Kb4 b5 29. Rxe8 Rxe8 30. Rxe8 Kxe8 31. cxb5 axb5 32. Kxb5 Nd8 33. Kb6 Kd7 34. Nd4 1-0


[Site "https://www.chess.com"]

[Event "Titled Tuesday Blitz March 29 Early 2022"]
[White "Bachmann, Axel"]
[Black "Hoffmann, Asa"]
[WhiteFideId "3700488"]
[BlackFideId "2001470"]
[WhiteElo "2587"]
[BlackElo "2117"]
[Result "1-0"]
[Round "02"]
[TimeControl "180+1"]
[Date "2022.03.30"]
[WhiteClock "0:00:06"]
[BlackClock "0:00:01"]

1. d4 Nf6 2. g3 d6 3. Bg2 c6 4. a4 Nbd7 5. e4 e5 6. Ne2 Be7 7. O-O Qc7 8. Nbc3 a5 9. h3 O-O 10. Be3 Re8 11. g4 Nb6 12. b3 h6 13. Ng3 Nh7 14. f4 exf4 15. Bxf4 Bg5 16. Qd2 Qe7 17. Rae1 Be6 18. d5 Bxf4 19. Qxf4 Bd7 20. Re2 f6 21. h4 Qe5 22. Qxe5 Rxe5 23. Nf5 cxd5 24. exd5 Rxe2 25. Nxe2 Bxf5 26. Rxf5 Nd7 27. Nd4 Ne5 28. Rf4 Nf8 29. Nf5 Rd8 30. b4 b6 31. bxa5 bxa5 32. Kh2 Kh7 33. Kg3 g6 34. Nd4 Rc8 35. Rxf6 Rc3+ 36. Bf3 Kg7 37. Rxd6 Nfd7 38. Ra6 Nxf3 39. Ne2 Ra3 40. c3 Nfe5 41. Rxa5 Kf7 42. Ra7 Ke7 43. a5 Kd6 44. Ra6+ 1-0


[Site "https://www.chess.com"]

[Event "Titled Tuesday Blitz March 29 Early 2022"]
[White "Bashirli, Nail"]
[Black "Martin, Lewis"]
[WhiteFideId "13406809"]
[BlackFideId "410551"]
[WhiteElo "2333"]
[BlackElo "2145"]
[Result "1-0"]
[Round "02"]
[TimeControl "180+1"]
[Date "2022.03.30"]
[WhiteClock "0:00:30"]
[BlackClock "0:00:04"]

1. d4 d5 2. Nf3 Nf6 3. Bf4 Bf5 4. Nbd2 c6 5. e3 e6 6. Be2 Bd6 7. Ne5 O-O 8. g4 Bg6 9. h4 h6 10. g5 hxg5 11. hxg5 Bxe5 12. dxe5 Ne4 13. f3 Nxg5 14. Kf2 Nd7 15. Qg1 f6 16. exf6 gxf6 17. Qg4 Kf7 18. Rag1 Rg8 19. Rh6 Bf5 20. Qh5+ Ke7 21. Bxg5 fxg5 22. Rxg5 Nf6 23. Qh4 Rxg5 24. Qxg5 Qf8 25. Bd3 Bxd3 26. cxd3 Qf7 27. Qf4 Nd7 28. Qh4+ Kd6 29. Qh2+ Ke7 30. Rh7 Qxh7 31. Qxh7+ Kd6 32. d4 Rf8 33. Nb3 b6 34. Ke2 a5 35. e4 a4 36. Nd2 c5 37. e5+ Kc6 38. Qe7 Rf4 39. Qd6+ Kb5 40. Qxd7+ Kb4 41. a3+ Ka5 42. Qa7+ Kb5 43. Qd7+ Ka5 44. Qxe6 Rxd4 45. Qd7 c4 46. e6 1-0


[Site "https://www.chess.com"]

[Event "Titled Tuesday Blitz March 29 Early 2022"]
[White "Bashirli, Saadat"]
[Black "Ferreira, Vitor Hugo Vieira"]
[WhiteFideId "13429990"]
[BlackFideId "2119765"]
[WhiteElo "1173"]
[BlackElo "2165"]
[Result "0-1"]
[Round "02"]
[TimeControl "180+1"]
[Date "2022.03.30"]
[WhiteClock "0:01:46"]
[BlackClock "0:01:57"]

1. d4 d5 2. Bg5 Nd7 3. Nd2 Ngf6 4. Ngf3 e6 5. e3 Be7 6. Bd3 b6 7. c4 Bb7 8. O-O O-O 9. Rc1 c5 10. dxc5 Nxc5 11. Bb1 Nfe4 12. Bxe7 Qxe7 13. Nxe4 dxe4 14. Nd4 Rad8 15. Qg4 f5 16. Qg3 e5 17. Ne2 Rd6 18. h3 Rg6 19. Qh2 f4 20. exf4 e3 21. f3 e4 22. fxe4 Bxe4 23. Bxe4 Nxe4 24. f5 Rg5 25. Nd4 Nd2 26. Rfe1 Qe4 27. Rc3 Qxd4 28. Rcxe3 Nf3+ 0-1


[Site "https://www.chess.com"]

[Event "Titled Tuesday Blitz March 29 Early 2022"]
[White "Batsiashvili, Nino"]
[Black "Abdrlauf, Elham"]
[WhiteFideId "13602993"]
[BlackFideId "1533533"]
[WhiteElo "2192"]
[BlackElo "2334"]
[Result "0-1"]
[Round "02"]
[TimeControl "180+1"]
[Date "2022.03.30"]
[WhiteClock "0:00:10"]
[BlackClock "0:00:12"]

1. d4 Nf6 2. c4 e6 3. Nc3 c5 4. d5 exd5 5. cxd5 d6 6. g3 g6 7. Bg2 Bg7 8. Nf3 O-O 9. O-O Re8 10. Re1 Nbd7 11. e4 a6 12. a4 Ng4 13. h3 Nge5 14. Nd2 Nd3 15. Re3 Nxc1 16. Rxc1 Ne5 17. f4 Nd7 18. Kh2 f5 19. Qf3 Bd4 20. Re2 Nf6 21. Nc4 Bxc3 22. Qxc3 fxe4 23. g4 Nxd5 24. Qd2 b5 25. Qxd5+ Be6 26. Qxd6 Bxc4 27. Qxd8 Raxd8 28. Rxe4 Rxe4 29. Bxe4 Rd2+ 30. Kg3 Rxb2 31. axb5 axb5 32. h4 Rb3+ 33. Kf2 Kf7 34. h5 gxh5 35. g5 h4 36. Bxh7 h3 37. Be4 h2 38. f5 Rh3 39. Rh1 b4 40. Kg2 Rh4 41. Bf3 b3 42. Rxh2 Rxh2+ 43. Kxh2 b2 44. Be4 Ba2 45. Kg3 b1=Q 46. Bxb1 Bxb1 47. Kf4 c4 48. f6 c3 49. Ke3 Bf5 50. Ke2 Kg6 51. Kd1 Kf7 52. Kc1 Bg6 53. Kd1 Ke6 54. Kc1 Kd5 55. Kd1 Kd4 56. Kc1 Kd3 57. Kd1 c2+ 58. Kc1 Kc3 59. f7 Bxf7 60. g6 Bc4 61. g7 Kb3 62. g8=Q Bxg8 63. Kd2 Kb2 64. Kd3 c1=Q 65. Kd4 Qc4+ 66. Ke5 Qd5+ 67. Kf6 Qe6+ 68. Kg7 Qf7+ 69. Kh8 Qh7# 0-1


[Site "https://www.chess.com"]

[Event "Titled Tuesday Blitz March 29 Early 2022"]
[White "Beerdsen, Thomas"]
[Black "Estrada Nieto, Julian"]
[WhiteFideId "1030108"]
[BlackFideId "5101018"]
[WhiteElo "2585"]
[BlackElo "2246"]
[Result "1-0"]
[Round "02"]
[TimeControl "180+1"]
[Date "2022.03.30"]
[WhiteClock "0:01:58"]
[BlackClock "0:00:06"]

1. e4 e5 2. Qh5 Nc6 3. Bc4 g6 4. Qf3 Nf6 5. Ne2 Bg7 6. d3 d6 7. Bg5 h6 8. Be3 O-O 9. h3 Na5 10. Bb3 Nxb3 11. axb3 d5 12. g4 b6 13. g5 hxg5 14. Bxg5 Bb7 15. Nbc3 d4 16. Nb5 c6 17. Nc7 Rc8 18. h4 Rxc7 19. h5 Qd6 20. h6 Bh8 21. h7+ Nxh7 22. Qh3 f6 23. Bh6 Bg7 24. Bd2 Ng5 25. Bxg5 fxg5 26. Rxa7 Kf7 27. Rg1 Qf6 28. Rg3 Kg8 29. Qg2 Rcf7 30. Rxg5 Kh7 31. Rg3 Bh6 32. f4 exf4 33. Rf3 g5 34. Ng1 c5 35. Rh3 Qg6 36. Nf3 g4 37. Ne5 f3 38. Qxg4 Qxg4 39. Nxg4 f2+ 40. Kf1 Rg8 41. Rxh6+ Kg7 42. Rxb6 Bc8 43. Rxf7+ Kxf7 44. Nh6+ Kg7 45. Nxg8 Bh3+ 46. Kxf2 Kxg8 47. Rc6 Kf7 48. Rxc5 Kf6 49. Rd5 Be6 50. Rxd4 Ke5 51. Ke3 Kf6 52. c3 Ke7 53. b4 Bd7 54. Rd5 Bc6 55. Rc5 Kd6 56. Kd4 1-0


[Site "https://www.chess.com"]

[Event "Titled Tuesday Blitz March 29 Early 2022"]
[White "Bintang, Rasyid A. Hidayat"]
[Black "Aditya Mittal"]
[WhiteFideId "7105355"]
[BlackFideId "35042025"]
[WhiteElo "2370"]
[BlackElo "2303"]
[Result "0-1"]
[Round "02"]
[TimeControl "180+1"]
[Date "2022.03.30"]
[WhiteClock "0:00:01"]
[BlackClock "0:00:18"]

1. d4 Nf6 2. Bf4 d5 3. e3 c5 4. Nd2 Nc6 5. Ngf3 Bf5 6. dxc5 e6 7. b4 Nxb4 8. Bb5+ Nc6 9. Nd4 Rc8 10. Nxc6 bxc6 11. Ba6 Bxc5 12. Bxc8 Qxc8 13. O-O O-O 14. c4 Qa6 15. cxd5 cxd5 16. Nb3 Bb4 17. a3 Bc3 18. Ra2 Nd7 19. Qc1 Rc8 20. g4 Bd3 21. Rd1 e5 22. Bg3 e4 23. Rc2 Bxc2 24. Qxc2 Qc4 25. Nd2 Qe2 26. Rc1 Nb6 27. Nb3 Qa6 28. Qa2 Bf6 29. Rxc8+ Qxc8 30. Nd2 Qxg4 31. a4 h5 32. a5 Nc4 33. Nxc4 dxc4 34. Qxc4 h4 35. Qc8+ Qxc8 0-1


[Site "https://www.chess.com"]

[Event "Titled Tuesday Blitz March 29 Early 2022"]
[White "Borodavkin, Anatoly"]
[Black "Cannon, David"]
[WhiteFideId "14150662"]
[BlackFideId "3213110"]
[WhiteElo "1845"]
[BlackElo "1901"]
[Result "0-1"]
[Round "02"]
[TimeControl "180+1"]
[Date "2022.03.30"]
[WhiteClock "0:00:10"]
[BlackClock "0:00:14"]

1. e4 c5 2. Nc3 Nc6 3. g3 g6 4. Bg2 Bg7 5. d3 d6 6. f4 Nf6 7. Nf3 O-O 8. h3 Rb8 9. O-O b5 10. g4 Nd7 11. f5 a5 12. Nd5 e6 13. Bg5 Nf6 14. Nxf6+ Bxf6 15. Bxf6 Qxf6 16. g5 Qxb2 17. f6 Nd4 18. Qe1 Nxf3+ 19. Bxf3 Qxc2 20. Qh4 Kh8 21. d4 c4 22. Qg3 Rb6 23. d5 exd5 24. exd5 b4 25. Rae1 Bf5 26. Qh4 h5 27. Bxh5 gxh5 28. Qxh5+ Bh7 29. Qh6 Rg8 30. Re8 Qg6 31. Rxg8+ Kxg8 32. Qh4 Rb8 33. Re1 b3 34. Qf4 b2 35. Qxd6 b1=Q 36. Rxb1 Rxb1+ 37. Kh2 Qc2+ 38. Kg3 Rg1+ 39. Kh4 Qe4+ 40. Kh5 Qg6+ 41. Kh4 Qxg5# 0-1


[Site "https://www.chess.com"]

[Event "Titled Tuesday Blitz March 29 Early 2022"]
[White "Brodowski, Piotr"]
[Black "Vakhlamov, Igor L."]
[WhiteFideId "1124480"]
[BlackFideId "24126748"]
[WhiteElo "2422"]
[BlackElo "2401"]
[Result "1/2-1/2"]
[Round "02"]
[TimeControl "180+1"]
[Date "2022.03.29"]
[WhiteClock "0:00:07"]
[BlackClock "0:00:24"]

1. c4 c5 2. Nc3 Nf6 3. g3 d5 4. cxd5 Nxd5 5. Bg2 Nc7 6. d3 Nc6 7. Bxc6+ bxc6 8. Nf3 f6 9. O-O e5 10. Ne4 Be7 11. Be3 Ne6 12. Rc1 Nd4 13. Nxc5 Nxf3+ 14. exf3 O-O 15. Qb3+ Qd5 16. f4 Bh3 17. Rfe1 Rab8 18. Qxd5+ cxd5 19. b3 Rbc8 20. fxe5 fxe5 21. d4 e4 22. Rc3 Kf7 23. Rec1 h5 24. Na6 Rxc3 25. Rxc3 Rc8 26. Nc7 Bb4 27. Rc1 Ba3 28. Rc3 Bb4 29. Rc1 Ba3 30. Rc3 Bb4 1/2-1/2


[Site "https://www.chess.com"]

[Event "Titled Tuesday Blitz March 29 Early 2022"]
[White "Bychkov, Vladimir"]
[Black "Sanchez Alvares, Kelvin Antonio"]
[WhiteFideId "24151513"]
[BlackFideId "3906680"]
[WhiteElo "2253"]
[BlackElo "2193"]
[Result "1-0"]
[Round "02"]
[TimeControl "180+1"]
[Date "2022.03.30"]
[WhiteClock "0:00:08"]
[BlackClock "0:00:03"]

1. Nf3 d5 2. d4 Nf6 3. c4 c6 4. e3 e6 5. Qc2 Nbd7 6. Nbd2 Bd6 7. b3 Qe7 8. Bb2 e5 9. cxd5 Nxd5 10. a3 O-O 11. Bd3 N5f6 12. Nh4 Nb6 13. Nf5 Bxf5 14. Bxf5 exd4 15. Bxd4 Be5 16. Nf3 Bxd4 17. Nxd4 Rad8 18. O-O Nbd5 19. Rfd1 g6 20. Bh3 Rfe8 21. b4 Qe5 22. Nf3 Qe4 23. Qxe4 Nxe4 24. Nd4 Ndc3 25. Re1 a6 26. g3 Nb5 27. Nxb5 axb5 28. a4 bxa4 29. Rxa4 Ra8 30. Rea1 Rxa4 31. Rxa4 Rd8 32. b5 Rd1+ 33. Kg2 Nc5 34. Ra8+ Kg7 35. bxc6 bxc6 36. Rc8 Rd6 37. Bg4 f5 38. Bf3 Nd3 39. Bxc6 Ne1+ 40. Kf1 Nd3 41. h4 Ne5 42. Ba8 h5 43. Kg2 Rd2 44. Rc7+ Kf6 45. Kf1 Ng4 46. f4 Nxe3+ 47. Ke1 Rc2 48. Rxc2 Nxc2+ 49. Kf2 Nd4 50. Bg2 Ne6 51. Ke3 Ke7 52. Bd5 Nc7 53. Bc4 Kf6 54. Kd4 Ne8 55. Kc5 Nc7 56. Kc6 Ne8 57. Kd7 Ng7 58. Kd6 Ne8+ 59. Kd7 Ng7 60. Bb3 g5 61. hxg5+ Kg6 62. Ke7 h4 63. Bf7+ Kh7 64. gxh4 1-0


[Site "https://www.chess.com"]

[Event "Titled Tuesday Blitz March 29 Early 2022"]
[White "Caruana, Fabiano"]
[Black "Moksh Amit Doshi"]
[WhiteFideId "2020009"]
[BlackFideId "25064967"]
[WhiteElo "2744"]
[BlackElo "2245"]
[Result "1-0"]
[Round "02"]
[TimeControl "180+1"]
[Date "2022.03.29"]
[WhiteClock "0:00:38"]
[BlackClock "0:00:02"]

1. Nf3 d5 2. b3 Bf5 3. Bb2 Nf6 4. g3 e6 5. Bg2 h6 6. O-O Be7 7. d3 O-O 8. Nbd2 a5 9. a4 c5 10. Ne5 Bh7 11. e4 dxe4 12. dxe4 Qc7 13. Qe2 Rd8 14. Ndc4 Nc6 15. Nxc6 Qxc6 16. Bxf6 gxf6 17. f4 Qd7 18. Rad1 Qc7 19. Rde1 Rd4 20. f5 Kh8 21. Qh5 exf5 22. exf5 Bf8 23. Qf3 Rb8 24. Re2 b6 25. Rfe1 Rbd8 26. Re8 Rxe8 27. Rxe8 Rd8 28. Rxd8 Qxd8 29. h3 Qd4+ 30. Kh2 Qd8 31. g4 Qc7+ 32. Qg3 Qd8 33. Qf4 h5 34. gxh5 Qd1 35. Qb8 Kg8 36. Ne3 Qd6+ 37. Qxd6 Bxd6+ 38. Kg1 Be5 39. Be4 Bd4 40. Kf2 Kg7 41. Kf3 Bxe3 42. Kxe3 Kh6 43. Kf4 Kxh5 44. Kg3 Kg5 45. h4+ Kh5 46. Bf3+ Kh6 47. Kf4 1-0


[Site "https://www.chess.com"]

[Event "Titled Tuesday Blitz March 29 Early 2022"]
[White "Chernyavsky, Alexander"]
[Black "Vysochin, Spartak"]
[WhiteFideId "24131156"]
[BlackFideId "14103516"]
[WhiteElo "2292"]
[BlackElo "2385"]
[Result "1-0"]
[Round "02"]
[TimeControl "180+1"]
[Date "2022.03.30"]
[WhiteClock "0:00:06"]
[BlackClock "0:00:12"]

1. c4 e5 2. Nc3 Bb4 3. Nd5 Bc5 4. e3 c6 5. b4 Bf8 6. Nc3 Bxb4 7. Qb3 Na6 8. Nf3 d6 9. d4 Qe7 10. Bd2 Nf6 11. a3 Ba5 12. Be2 O-O 13. O-O Bg4 14. c5 Bxc3 15. cxd6 Qxd6 16. Bxc3 e4 17. Bxa6 bxa6 18. Bb4 Rfb8 19. Ne5 Qe6 20. Qxe6 Bxe6 21. Nxc6 Rb6 22. Rfc1 Nd5 23. Rc5 h5 24. Rxd5 Rxc6 25. Rxh5 Rac8 26. Rc5 a5 27. Rxc6 Rxc6 28. Bxa5 Rc2 29. h3 Kh7 30. Bb4 Bc4 31. Bc5 a6 32. Rb1 Bb5 33. Rb4 Rd2 34. a4 Bd3 35. a5 g5 36. Rb7 Kg6 37. Rb6+ Kg7 38. Bd6 f5 39. Be5+ Kh7 40. d5 Bc4 41. Rb7+ Kg6 42. d6 f4 43. exf4 Kf5 44. g4+ Ke6 45. Re7+ Kd5 46. d7 Kc6 47. fxg5 e3 48. fxe3 Be2 49. g6 Bf3 50. g7 Rg2+ 51. Kf1 1-0


[Site "https://www.chess.com"]

[Event "Titled Tuesday Blitz March 29 Early 2022"]
[White "Costachi, Mihnea"]
[Black "Horak, Martin"]
[WhiteFideId "1217518"]
[BlackFideId "367095"]
[WhiteElo "2464"]
[BlackElo "1997"]
[Result "1-0"]
[Round "02"]
[TimeControl "180+1"]
[Date "2022.03.30"]
[WhiteClock "0:01:21"]
[BlackClock "0:00:02"]

1. d4 Nf6 2. Bg5 d5 3. e3 Nbd7 4. Nf3 h6 5. Bf4 g5 6. Bg3 Nh5 7. Ne5 Nxg3 8. hxg3 Nxe5 9. dxe5 Bg7 10. f4 c6 11. Bd3 Qb6 12. Qc1 Bg4 13. Nc3 O-O-O 14. a4 d4 15. a5 Qc5 16. Ne4 Qd5 17. exd4 Qxd4 18. a6 b6 19. Nf2 Be6 20. c3 Qd7 21. Qe3 Bd5 22. O-O gxf4 23. gxf4 h5 24. Rad1 h4 25. c4 Be6 26. Bf5 Bxf5 27. Rxd7 Rxd7 28. Qf3 Kc7 29. b4 Be6 30. b5 Kb8 31. c5 Bd5 32. Qg4 1-0


[Site "https://www.chess.com"]

[Event "Titled Tuesday Blitz March 29 Early 2022"]
[White "Coto Mederos, Michel"]
[Black "Petrova, Irina"]
[WhiteFideId "3508528"]
[BlackFideId "14124122"]
[WhiteElo "2427"]
[BlackElo "1993"]
[Result "1-0"]
[Round "02"]
[TimeControl "180+1"]
[Date "2022.03.30"]
[WhiteClock "0:00:06"]
[BlackClock "0:00:03"]

1. d4 d6 2. c4 e5 3. Nf3 e4 4. Nfd2 f5 5. Nc3 Nf6 6. e3 g6 7. Be2 Bg7 8. b3 O-O 9. Bb2 c6 10. b4 Na6 11. Qb3 Nc7 12. h3 Be6 13. g4 d5 14. gxf5 Bxf5 15. cxd5 Ncxd5 16. Nxd5 Nxd5 17. a3 Kh8 18. h4 Be6 19. Qc2 a5 20. bxa5 Qxa5 21. h5 g5 22. h6 Bf6 23. O-O-O b5 24. Nb3 Qa7 25. Nc5 Bg8 26. Qxe4 b4 27. a4 Nc3 28. Bxc3 bxc3 29. Qd3 Qa5 30. Kc2 Bf7 31. Qxc3 Qa7 32. Bd3 Rab8 33. Rb1 Bg8 34. Rxb8 Rxb8 35. Rb1 Rd8 36. Rb7 Qa8 37. a5 Qc8 38. a6 Qh3 39. Ne4 Qf3 40. Qxc6 Qf5 41. Qxf6+ Qxf6 42. Nxf6 Rc8+ 43. Kd2 Be6 1-0


[Site "https://www.chess.com"]

[Event "Titled Tuesday Blitz March 29 Early 2022"]
[White "De Souza, Cristiano Gomes"]
[Black "Nguyen Hong Nhung"]
[WhiteFideId "2151758"]
[BlackFideId "12412201"]
[WhiteElo "2068"]
[BlackElo "1661"]
[Result "0-1"]
[Round "02"]
[TimeControl "180+1"]
[Date "2022.03.30"]
[WhiteClock "0:00:17"]
[BlackClock "0:00:16"]

1. d4 f5 2. c4 Nf6 3. g3 g6 4. Bg2 Bg7 5. Nf3 O-O 6. Nc3 d6 7. d5 Qe8 8. O-O a5 9. Nd4 Na6 10. b3 Bd7 11. a4 c6 12. dxc6 bxc6 13. Ba3 Rb8 14. Rb1 Nb4 15. Qd2 Qc8 16. h3 Rd8 17. Na2 Nxa2 18. Qxa2 e5 19. Nf3 Be6 20. Rfd1 Ne4 21. Bb2 Qb7 22. Ba1 Qb6 23. e3 Qc5 24. Nd2 Nxd2 25. Rxd2 d5 26. Rbd1 d4 27. exd4 exd4 28. Rd3 Rb7 29. f4 Rbd7 30. Qf2 Qb6 31. Kh2 c5 32. Re1 Bf7 33. Qf3 Qb4 34. Re2 Qb8 35. Bb2 Re8 36. Ba3 Rxe2 37. Qxe2 Qc7 38. Bf3 Re7 39. Qg2 Bf8 40. Rd2 Re3 41. Rb2 Bd6 42. Bd5 Kg7 43. Bxf7 Bxf4 44. Rb1 Rxg3 0-1


[Site "https://www.chess.com"]

[Event "Titled Tuesday Blitz March 29 Early 2022"]
[White "Del Rio De Angelis, Salvador G."]
[Black "Dejmek, Mark"]
[WhiteFideId "2203138"]
[BlackFideId "2017628"]
[WhiteElo "2491"]
[BlackElo "2255"]
[Result "1-0"]
[Round "02"]
[TimeControl "180+1"]
[Date "2022.03.30"]
[WhiteClock "0:01:34"]
[BlackClock "0:00:11"]

1. c4 Nf6 2. d3 d5 3. cxd5 Nxd5 4. a3 e5 5. e4 Nf4 6. d4 Ng6 7. d5 Bc5 8. b4 Bxf2+ 9. Kxf2 Qh4+ 10. Ke3 O-O 11. Nf3 Qe7 12. Bd3 c6 13. Nc3 Nf4 14. Kf2 Nxd3+ 15. Qxd3 f5 16. Rf1 fxe4 17. Qxe4 Bf5 18. Qc4 Kh8 19. Kg1 Nd7 20. dxc6 bxc6 21. Bg5 Qe8 22. Rae1 h6 23. Bc1 a5 24. b5 cxb5 25. Nxb5 Rc8 26. Qh4 Qe6 27. a4 Rc4 28. Qf2 Rxa4 29. Nfd4 Rxd4 30. Nxd4 Qb6 31. Nxf5 Rxf5 32. Qxb6 Rxf1+ 33. Rxf1 Nxb6 1-0


[Site "https://www.chess.com"]

[Event "Titled Tuesday Blitz March 29 Early 2022"]
[White "Delorme, Alban"]
[Black "Baches Garcia, Guillermo"]
[WhiteFideId "623636"]
[BlackFideId "2209764"]
[WhiteElo "2197"]
[BlackElo "2490"]
[Result "0-1"]
[Round "02"]
[TimeControl "180+1"]
[Date "2022.03.30"]
[WhiteClock "0:00:04"]
[BlackClock "0:00:35"]

1. e4 c5 2. Nf3 d6 3. d4 cxd4 4. Nxd4 Nf6 5. Nc3 Nc6 6. Bg5 e6 7. Qd2 h6 8. Bh4 Nxe4 9. Nxc6 Qxh4 10. Qd4 Qxf2+ 11. Qxf2 Nxf2 12. Kxf2 bxc6 13. Bc4 d5 14. Bb3 Bc5+ 15. Kf3 O-O 16. a4 e5 17. a5 Be6 18. Na4 Bd6 19. Rad1 e4+ 20. Kf2 Rad8 21. c3 f5 22. Rhe1 Kf7 23. g3 g5 24. Rc1 Kf6 25. c4 d4 26. Ba2 c5 27. b4 cxb4 28. c5 Bxa2 29. cxd6 Rxd6 30. Nc5 d3 31. Red1 b3 32. Rd2 Ke5 33. Nb7 Rd7 34. a6 Kd4 35. Rdd1 f4 36. Rc6 e3+ 37. Kg1 e2 38. Re1 f3 39. Kf2 d2 0-1


[Site "https://www.chess.com"]

[Event "Titled Tuesday Blitz March 29 Early 2022"]
[White "Derjabin, Ilja"]
[Black "Xiong, Jeffery"]
[WhiteFideId "14104768"]
[BlackFideId "2047640"]
[WhiteElo "2341"]
[BlackElo "2727"]
[Result "0-1"]
[Round "02"]
[TimeControl "180+1"]
[Date "2022.03.30"]
[WhiteClock "0:00:51"]
[BlackClock "0:01:21"]

1. d4 Nf6 2. c4 c5 3. d5 b5 4. e4 Nxe4 5. Qf3 Nd6 6. Nc3 a6 7. Nh3 g6 8. Bd3 Bg7 9. Ng5 bxc4 10. Bc2 h6 11. Nxf7 Nxf7 12. Bxg6 O-O 13. Qh5 Qb6 14. O-O Qf6 15. f4 d6 16. Be3 Nh8 17. Bc2 Bf5 18. Bd1 Nd7 19. g4 Qg6 20. Qh3 Nf6 0-1


[Site "https://www.chess.com"]

[Event "Titled Tuesday Blitz March 29 Early 2022"]
[White "Derraugh, Geordie"]
[Black "Zhigalko, Sergei"]
[WhiteFideId "2603950"]
[BlackFideId "13502956"]
[WhiteElo "2116"]
[BlackElo "2662"]
[Result "0-1"]
[Round "02"]
[TimeControl "180+1"]
[Date "2022.03.30"]
[WhiteClock "0:00:19"]
[BlackClock "0:00:20"]

1. e4 c5 2. c3 Nf6 3. e5 Nd5 4. d4 cxd4 5. Nf3 Nc6 6. cxd4 d6 7. Nc3 e6 8. Bd3 dxe5 9. dxe5 Nxc3 10. bxc3 Qa5 11. O-O Nxe5 12. Nxe5 Qxe5 13. Ba3 Bxa3 14. Qa4+ Bd7 15. Qxa3 Bc6 16. Rfe1 Qc7 17. Be4 Qe7 18. Bxc6+ bxc6 19. Qa4 O-O 20. Qxc6 Rfc8 21. Qf3 Qf6 22. Rac1 Qxf3 23. gxf3 Rc5 24. Re3 Rac8 25. Kf1 g6 26. h3 Kg7 27. Ke2 Rh5 28. Rh1 Rc4 29. Rd3 Ra4 30. Rd2 Re5+ 31. Kf1 Rc5 32. Rc2 Ra3 33. Kg2 Rcxc3 34. Rxc3 Rxc3 35. Rd1 Ra3 36. Rd2 h5 37. Rb2 Kf6 38. Re2 Kf5 39. Rb2 a5 40. Rc2 a4 41. Rb2 Ke5 42. Rc2 g5 43. Rb2 h4 44. Rb5+ Kf6 45. Rb2 Ke7 46. Rc2 Kd6 47. Rb2 Kc5 48. Rb7 Rxa2 49. Rxf7 Re2 50. Rg7 Re5 51. Ra7 Kb4 52. f4 gxf4 53. Kf3 a3 54. Kxf4 Ra5 55. Rb7+ Kc3 56. Rb1 a2 57. Re1 a1=Q 58. Rxa1 Rxa1 59. Kg4 Ra4+ 0-1


[Site "https://www.chess.com"]

[Event "Titled Tuesday Blitz March 29 Early 2022"]
[White "Di Nicolantonio, Lucas"]
[Black "Vasquez Schroeder, Rodrigo"]
[WhiteFideId "680460"]
[BlackFideId "3400042"]
[WhiteElo "2381"]
[BlackElo "2561"]
[Result "0-1"]
[Round "02"]
[TimeControl "180+1"]
[Date "2022.03.30"]
[WhiteClock "0:00:03"]
[BlackClock "0:00:55"]

1. Nf3 c5 2. e4 d6 3. d4 cxd4 4. Nxd4 Nf6 5. f3 g6 6. c4 Bg7 7. Nc3 O-O 8. Be3 Nc6 9. Qd2 Bd7 10. Be2 Nxd4 11. Bxd4 a5 12. O-O Bc6 13. Rac1 Nd7 14. Be3 Nc5 15. b3 Qb6 16. Kh1 Rfc8 17. Nd5 Qd8 18. Rfd1 Bxd5 19. cxd5 Rab8 20. Bb5 Qb6 21. a4 Rc7 22. Qe1 Rbc8 23. Rc4 Qa7 24. Rdc1 b6 25. Qd1 Bf6 26. Bc6 e5 27. b4 axb4 28. Rxb4 Rb8 29. Rcb1 Rcc8 30. Qe2 Bd8 31. g3 Qe7 32. Kg2 Bc7 33. Qd2 Kh8 34. a5 bxa5 35. Rxb8 Rxb8 36. Rxb8+ Bxb8 37. Qxa5 Kg7 38. Qa8 Ba7 39. Qe8 Qxe8 40. Bxe8 Bb6 41. Bf2 Kf8 42. Bc6 Ke7 43. h4 Ba5 44. Bxc5 dxc5 45. Kf1 c4 46. Ke2 Kd6 47. Be8 f6 48. h5 gxh5 49. Bxh5 Kc5 50. Kd1 Bc7 51. Kc2 Kd4 52. Bf7 Bd6 53. Be6 h6 54. g4 Bb4 55. Bf5 Ke3 56. Be6 Kxf3 57. Bf5 Kf4 58. Kc1 Ke3 59. Kc2 Kd4 60. Kc1 Kd3 61. Kd1 c3 0-1


[Site "https://www.chess.com"]

[Event "Titled Tuesday Blitz March 29 Early 2022"]
[White "Dixit, Nikhil"]
[Black "Girsh, Daniel"]
[WhiteFideId "5059534"]
[BlackFideId "30949190"]
[WhiteElo "2223"]
[BlackElo "2222"]
[Result "0-1"]
[Round "02"]
[TimeControl "180+1"]
[Date "2022.03.30"]
[WhiteClock "0:00:27"]
[BlackClock "0:00:22"]

1. e4 c5 2. Nf3 d6 3. Bb5+ Nd7 4. O-O Nf6 5. Re1 g6 6. c4 Bg7 7. Nc3 O-O 8. d3 Ne5 9. Nxe5 dxe5 10. Bg5 Nh5 11. Qd2 f6 12. Be3 b6 13. Ba4 f5 14. Bg5 f4 15. Bd1 h6 16. Bxh5 gxh5 17. Bh4 f3 18. Nd5 Rf7 19. Re3 Bg4 20. h3 Be6 21. Rxf3 Bxd5 22. cxd5 Rxf3 23. gxf3 Kh7 24. Kh2 Qf8 25. Qe3 Bf6 26. Bxf6 Qxf6 27. Rg1 Rf8 28. Rg3 h4 29. Rg4 Qxf3 30. Qxf3 Rxf3 31. Kg2 Rxd3 32. Rxh4 Rd2 33. Rh5 Rxb2 34. Rxe5 Rxa2 35. Rxe7+ Kg6 36. d6 Rd2 37. e5 Kf5 38. d7 c4 39. e6 c3 40. Re8 c2 41. d8=Q Rxd8 42. Rxd8 c1=Q 43. e7 Qg5+ 44. Kf1 Qxe7 45. Rd5+ Ke4 46. Rd2 Qg5 47. Re2+ Kf3 48. Re3+ Qxe3 49. fxe3 Kxe3 0-1


[Site "https://www.chess.com"]

[Event "Titled Tuesday Blitz March 29 Early 2022"]
[White "Dreev, Aleksey"]
[Black "Koellner, Ruben Gideon"]
[WhiteFideId "4100107"]
[BlackFideId "12993093"]
[WhiteElo "2625"]
[BlackElo "2557"]
[Result "1-0"]
[Round "02"]
[TimeControl "180+1"]
[Date "2022.03.29"]
[WhiteClock "0:00:36"]
[BlackClock "0:00:03"]

1. d4 Nf6 2. Nf3 d5 3. c4 e6 4. Nc3 Be7 5. Bf4 O-O 6. e3 b6 7. cxd5 Nxd5 8. Nxd5 Qxd5 9. Bd3 Qa5+ 10. Nd2 Ba6 11. Qc2 Bxd3 12. Qxd3 c5 13. O-O cxd4 14. Nb3 Qd5 15. Qxd4 Qxd4 16. Nxd4 Bf6 17. Nb5 Na6 18. Rab1 Nb4 19. Bd6 Nxa2 20. Ra1 Rfd8 21. Rxa2 a6 22. Nc7 Rac8 23. Bg3 a5 24. b3 Rd3 25. Rb1 h5 26. h4 Kh7 27. b4 Bc3 28. bxa5 bxa5 29. Nb5 Bb4 30. Nd4 Kg6 31. Nf3 f6 32. Nd4 e5 33. Nb3 1-0


[Site "https://www.chess.com"]